 Dungeon Crawl Stone Soup version 0.26.1-2-gb8aa6d0cf2 (webtiles) character file.

Game seed: 11948274828680051855

204 Goaboa the Sneak (level 5, -1/25 HPs)
             Began as a Spriggan Enchanter on Feb 26, 2021.
             Killed by divine providence
             ... invoked by an orc priest
              (9 damage)
             ... on level 3 of the Dungeon.
             The game lasted 00:19:09 (2493 turns).

Goaboa the Sneak (Spriggan Enchanter)               Turns: 2493, Time: 00:19:09

Health: -1/25      AC:  2    Str:  4    XL:     5   Next: 52%
Magic:  1/11       EV: 20    Int: 16    God:
Gold:   23         SH:  0    Dex: 18    Spells: 2/11 levels left

rFire    . . .     SeeInvis +   b - +0 falchion
rCold    . . .     Faith    .   (shield restricted)
rNeg     . . .     Spirit   .   o - +0 robe
rPois    .         Reflect  .   (helmet restricted)
rElec    .         Harm     .   (no cloak)
rCorr    .         Rampage  .   (gloves unavailable)
Will     .....                  (boots unavailable)
Stlth    +++.......             (no amulet)
HPRegen  0.08/turn              (no ring)
MPRegen  0.12/turn              (no ring)

@: very quick
A: very small, unfitting armour, see invisible, speed 3
a: no special abilities


You were on level 3 of the Dungeon.
You visited 1 branch of the dungeon, and saw 3 of its levels.

You collected 23 gold pieces.

Inventory:

Hand Weapons
 a - a +1 dagger
 b - a +0 falchion (weapon)
 r - a +0 rapier
 s - a +0 dagger of venom
Missiles
 h - 3 atropa-tipped darts
 q - 22 poisoned darts
Armour
 o - a +0 robe (worn)
Scrolls
 f - 2 scrolls of teleportation {unknown}
 g - a scroll of noise {unknown}
 i - 2 scrolls of enchant armour {unknown}
 j - a scroll of identify {unknown}
 k - a scroll of fear {unknown}
 n - a scroll of remove curse {unknown}
Potions
 c - a potion of attraction {unknown}
 d - a potion of berserk rage {unknown}
 e - a potion of curing
 l - a potion of heal wounds {unknown}
 m - 2 potions of degeneration {unknown}
 p - a potion of magic {unknown}


   Skills:
 + Level 1.5 Fighting
 + Level 2.3 Short Blades
 + Level 1.0 Throwing
 + Level 4.4 Dodging
 + Level 5.6 Stealth
 + Level 3.6 Spellcasting
 + Level 4.4 Hexes


You had 2 spell levels left.
You knew the following spells:

 Your Spells              Type           Power        Failure   Level
a - Corona                Hex            18%          2%          1
b - Ensorcelled Hibernat  Hex/Ice        20%          11%         2
c - Confusing Touch       Hex            17%          9%          3
d - Tukima's Dance        Hex            17%          9%          3

Your spell library contained the following spells:

 Spells                   Type           Power        Failure   Level
 Dazzling Flash           Conj/Hex       20%          22%         3


Dungeon Overview and Level Annotations

Branches:
Dungeon (3/15)

Altars:


Innate Abilities, Weirdness & Mutations

You are very small and have problems with some larger weapons.
You are too small for most types of armour.
You have supernaturally acute eyesight. (SInv)
You cover ground extremely quickly.


Message History

The orc wizard resists with some effort.
The orc wizard hits you.
Aiming: Ensorcelled Hibernation (safe; 11% risk of failure)
Press: ? - help, Q - select action, (/) - cycle Shift-Dir - straight line, f/p - orc wizard
Aim: an orc wizard, wearing a +0 robe (fast, slightly transparent, chance to affect: 41%)
The orc wizard resists with some effort.
The orc wizard looks satisfied for a moment.
The orc wizard closely misses you.
You riposte.
You completely miss the orc wizard. You barely miss the orc wizard.
The orc wizard barely misses you.
You hit the orc wizard but do no damage.
The orc wizard hits you. The orc wizard casts a spell at you.
The puff of flame hits you!
You hit the orc wizard.
The orc wizard is moderately wounded.
The orc wizard hits you.
The orc priest calls down the wrath of Beogh upon you.
Beogh smites you!
You die... # # # ########### # #.@ooolSo.#

# #.#####o... #
#.# o #### #.#
...# #.# #..#
########.##
#..#####.........#
#..)..##.######..#
##.##.##.# ##..#


You could see an orc priest, 3 orc wizards, an adder, an orc and a frilled
lizard.

Vanquished Creatures
  An ogre (D:3)
  Terence (D:2)
  2 adders
  2 worms
  2 dart slugs
  3 leopard geckos
  3 orcs (D:3)
  6 bats
  4 giant cockroaches
  9 goblins
  5 hobgoblins
  3 jackals (D:2)
  2 quokkas (D:3)
  8 frilled lizards
  4 kobolds
  8 rats
63 creatures vanquished.

Vanquished Creatures (collateral kills)
  A kobold (D:3)
1 creature vanquished.

Vanquished Creatures (others)
  4 dancing weapons (D:3)
4 creatures vanquished.

Grand Total: 68 creatures vanquished

Notes
Turn   | Place    | Note
-------+----------+-------------------------------------------
     0 | D:1      | Goaboa the Spriggan Enchanter began the quest for the Orb.
     0 | D:1      | Reached XP level 1. HP: 9/9 MP: 5/5
   259 | D:1      | Reached XP level 2. HP: 12/13 MP: 6/6
   262 | D:1      | Learned a level 2 spell: Ensorcelled Hibernation
   857 | D:1      | Reached XP level 3. HP: 17/17 MP: 5/8
  1082 | D:2      | Noticed Terence
  1094 | D:2      | Killed Terence
  1095 | D:2      | Reached skill level 1 in Fighting
  1095 | D:2      | Reached skill level 5 in Stealth
  1343 | D:2      | Reached XP level 4. HP: 22/22 MP: 1/9
  1665 | D:2      | Learned a level 3 spell: Tukima's Dance
  1669 | D:2      | Learned a level 3 spell: Confusing Touch
  2214 | D:3      | Noticed an ogre
  2244 | D:3      | Killed an ogre
  2245 | D:3      | Reached XP level 5. HP: 11/25 MP: 0/11
  2315 | D:3      | Reached skill level 1 in Throwing
  2493 | D:3      | Killed from afar by an orc priest

Illustrated notes

Levels and vault maps discovered:
D:1:      psy_arrival_fountain, layout_rooms, minmay_statues_item
D:2:      cheibrodos_old_hovel, layout_basic, item_on_display_a, uniq_terence,
          uniq_jessica
D:3:      layout_loops_corners

Skill      XL: |  1  2  3  4  5 |
---------------+----------------+-----
Spellcasting   | 3 |  3.6
Fighting       | 1 |  1.5
Stealth        | 5 |  5.6
Hexes          | 4 |  4.4
Dodging        | 4 |  4.4
Short Blades   | 2 |  2.3
Throwing       | 1 |  1.0

Action                   |  1- 3 |  4- 6 || total
-------------------------+-------+-------++-------
Melee: Dagger            |    92 |    60 ||   152
       Falchion          |       |     7 ||     7
Throw: Dart              |       |     1 ||     1
 Cast: Corona            |     5 |       ||     5
       Ensorcelled Hiber |    28 |    19 ||    47
       Tukima's Dance    |       |     4 ||     4
       Confusing Touch   |       |     1 ||     1
  Use: Potion            |     1 |       ||     1
 Stab: Sleeping          |    25 |    18 ||    43
       Distracted        |     1 |       ||     1
Armor: Robe              |     9 |     1 ||    10
Dodge: Dodged            |    59 |    44 ||   103
       Rpst.: Falchion   |       |     1 ||     1
